 Dungeon Crawl Stone Soup version 0.25-a0-443-gece2dee8bd (webtiles) character file.

Game seed: 15457066370754202347, levelgen mode: deterministic

476 MrRokkomies the Bolt Thrower (level 7, -8/44 HPs)
             Began as a Kobold Hunter on Jan 29, 2020.
             Killed by divine providence
             ... invoked by an orc priest
              (9 damage)
             ... on level 5 of the Dungeon on Jan 30, 2020.
             The game lasted 00:10:45 (4077 turns).

MrRokkomies the Bolt Thrower (Kobold Hunter)        Turns: 4077, Time: 00:10:50

Health: -8/44      AC:  7    Str: 16    XL:     7   Next: 32%
Magic:  7/7        EV: 13    Int: 12    God:
Gold:   95         SH:  4    Dex: 16    Spells: 6/6 levels left

rFire    . . .     SeeInvis .   a - +1 dagger (drain)
rCold    . . .     Gourm    .   g - +0 buckler
rNeg     . . .     Faith    .   m - +0 scale mail
rPois    .         Spirit   .   (no helmet)
rElec    .         Reflect  .   (no cloak)
rCorr    .         Harm     .   (no gloves)
MR       +....                  p - +0 pair of boots
Stlth    +.........             (no amulet)
HPRegen  0.14/turn              c - ring of protection from magic
MPRegen  0.10/turn              (no ring)

@: mighty
A: small, carnivore
a: no special abilities


You were on level 5 of the Dungeon.
You were hungry.

You visited 1 branch of the dungeon, and saw 5 of its levels.

You collected 95 gold pieces.

Inventory:

Hand Weapons
 a - a +1 dagger of draining (weapon)
 b - a +1 hand crossbow
 o - a +2 whip of freezing
Missiles
 d - 38 bolts
Armour
 g - a +0 buckler (worn)
 m - a +0 scale mail (worn)
 p - a +0 pair of boots (worn)
Jewellery
 c - a ring of protection from magic (left hand)
Wands
 i - a wand of iceblast (7)
 r - a wand of disintegration (8)
Scrolls
 h - 3 scrolls of immolation
 l - 3 scrolls of teleportation
Potions
 e - a potion of flight
 j - a potion of haste {unknown}
 k - 3 potions of cancellation
 n - a potion of might
 q - a potion of brilliance {unknown}
 s - a potion of experience {unknown}
 t - a potion of curing {unknown}
Comestibles
 f - 9 rations


   Skills:
 * Level 4.9 Fighting
 * Level 7.0 Crossbows
 + Level 4.2 Dodging
 + Level 4.2 Stealth


You had 6 spell levels left.
You didn't know any spells.
Your spell library was empty.

Dungeon Overview and Level Annotations

Branches:
Dungeon (5/15)
 Temple: D:4-7

Altars:


Innate Abilities, Weirdness & Mutations

You are small and have problems with some larger weapons.
You are carnivorous and can eat meat at any time.


Message History

The orc priest miscasts a cantrip.
You closely miss the orc priest.
The orc priest is heavily wounded.
The orc wizard closely misses you. You block the orc's attack.
The orc wizard hits you with a +0 dagger.
The orc priest misses you.
You hit the orc priest. You drain the orc priest.
The orc priest is severely wounded.
The orc wizard hits you but does no damage.
The orc barely misses you.
The orc priest mumbles some strange prayers to Beogh against you.
Pain shoots through your body!
* * * LOW HITPOINT WARNING * * *
It was a potion of might.
You feel very mighty all of a sudden. The orc wizard barely misses you.
The orc closely misses you. You block the orc wizard's attack.
The orc priest invokes the aid of Beogh against you.
Beogh smites you!
You die...

#########
#.o.....#
#@#####.#
#.oo...##.#
#.#.##.##.#
#.#.##.##.#
# #.......#
####.####
#.#
##.#####
#......#


You could see an orc priest, an orc wizard and an orc.

Vanquished Creatures
  An ogre (D:4)
  A howler monkey (D:4)
  A crimson imp (D:5)
  An orc priest (D:4)
  An iguana (D:4)
  4 orc wizards
  A worker ant (D:3)
  3 adders
  An ooze (D:3)
  A worm (D:2)
  2 leopard geckos
  6 orcs
  7 bats
  6 giant cockroaches
  4 goblins
  8 hobgoblins
  14 jackals
  10 kobolds
  4 quokkas
  4 frilled lizards
  12 rats
  A plant (D:2)
93 creatures vanquished.

Notes
Turn   | Place    | Note
-------+----------+-------------------------------------------
     0 | D:1      | MrRokkomies the Kobold Hunter began the quest for the Orb.
     0 | D:1      | Reached XP level 1. HP: 12/12 MP: 1/1
   156 | D:1      | Reached skill level 5 in Crossbows
   156 | D:1      | Reached XP level 2. HP: 10/18 MP: 2/2
   824 | D:1      | Reached XP level 3. HP: 22/22 MP: 3/3
  1482 | D:2      | Reached XP level 4. HP: 28/28 MP: 4/4
  1911 | D:3      | Upgraded the game from 0.25-a0-435-g4b9beb1024 to
                  | 0.25-a0-443-gece2dee8bd
  2266 | D:3      | Reached XP level 5. HP: 7/32 MP: 5/5
  2555 | D:3      | Found a faded altar of an unknown god.
  2605 | D:3      | Reached skill level 6 in Crossbows
  3140 | D:4      | Reached XP level 6. HP: 17/38 MP: 6/6
  3738 | D:4      | Noticed an ogre
  3743 | D:4      | Killed an ogre
  3743 | D:4      | Reached XP level 7. HP: 44/44 MP: 7/7
  3931 | D:5      | Entered Level 5 of the Dungeon
  3970 | D:5      | Reached skill level 7 in Crossbows
  4076 | D:5      | HP: 1/44 [orc priest/nerve-wracking pain (13)]
  4077 | D:5      | Killed from afar by an orc priest

Levels and vault maps discovered:
D:1:      scummos_arrival_gate, layout_loops_ring
D:2:      layout_basic, lexackson_kobold_supper
D:3:      layout_basic, chequers_ecumenical_altar_simple_redux
D:4:      layout_basic
D:5:      layout_loops_cross, enter_ossuary_5, first_ration, lemuel_tele_altar

Skill      XL: |  1  2  3  4  5  6  7 |
---------------+----------------------+-----
Crossbows      | 5 6 7 |  7.0
Stealth        | 2 3 4 |  4.2
Dodging        | 3 4 |  4.2
Fighting       | 3 4 |  4.9

Action                   |  1- 3 |  4- 6 |  7- 9 || total
-------------------------+-------+-------+-------++-------
Melee: Short sword       |   118 |       |       ||   118
       Whip              |     2 |   196 |    10 ||   208
       Dagger            |       |     3 |    47 ||    50
 Fire: Hand crossbow     |     5 |    14 |       ||    19
  Use: Scroll            |       |     6 |     1 ||     7
       Potion            |       |       |     1 ||     1
 Stab: Sleeping          |     2 |     3 |       ||     5
  Eat: Chunk             |     3 |     5 |     2 ||    10
Armor: Leather armour    |    24 |       |       ||    24
       Ring mail         |     2 |    60 |       ||    62
       Scale mail        |       |     5 |    22 ||    27
Dodge: Dodged            |    90 |   145 |    43 ||   278
Block: Buckler           |    30 |    44 |    22 ||    96

Table legend:
 A = Non-vault XP
 B = Vault XP
 C = Vault XP percentage of total XP
 D = Non-vault monster count
 E = Vault monster count
 F = Vault count percentage of total count
                 A         B        C        D         E       F
            +---------+---------+-------+---------+---------+-------
      Total |     666 |      14 |   2.1 |      84 |       8 |   8.7
            +---------+---------+-------+---------+---------+-------
        D:1 |      29 |       0 |   0.0 |      16 |       0 |   0.0
        D:2 |      45 |      14 |  23.7 |      21 |       8 |  27.6
        D:3 |     137 |       0 |   0.0 |      34 |       0 |   0.0
        D:4 |     387 |       0 |   0.0 |       9 |       0 |   0.0
        D:5 |      68 |       0 |   0.0 |       4 |       0 |   0.0
            +---------+---------+-------+---------+---------+-------
